 Dungeon Crawl Stone Soup version 0.30.1-3-gfc49f6343a (webtiles) character file.

Game seed: 2274801803114937257

5695 Fodor the Carver (level 10, -7/88 HPs)
             Began as a Minotaur Fighter on Aug 2, 2023.
             Was an Initiate of Gozag.
             Mangled by a vault guard
             ... wielding a +3 broad axe
              (18 damage)
             ... in a bailey.
             The game lasted 00:47:25 (9039 turns).

Fodor the Carver (Minotaur Fighter)                 Turns: 9039, Time: 00:47:32

Health: -7/88      AC: 16    Str: 27    XL:     10   Next: 47%
Magic:  9/9        EV: 16    Int:  7    God:    Gozag
Gold:   1264       SH:  6    Dex: 14    Spells: 9/9 levels left

rFire   + . .        j - +2 hand axe (heavy)
rCold   + . .        c - +0 buckler
rNeg    . . .        I - +0 chain mail
rPois   .            (helmet restricted)
rElec   +            w - +0 cloak
rCorr   .            (no gloves)
SInv    .            n - +0 pair of boots of the Ladybird {rElec rC+ Str+2 Int+2}
Will    .....        (no amulet) Stlth
                     m - +5 ring of evasion
HPRegen 0.34/turn    v - +6 ring of dexterity
MPRegen 0.11/turn

%: no passive effects
@: gold aura
A: horns 2, retaliatory headbutt, iridescent scales 1, clumsy 1, fire resistance
1
a: Renounce Religion, Potion Petition, Call Merchant, Bribe Branch


You were in a bailey.
You worshipped Gozag.
Gozag was most pleased with you.
You visited 2 branches of the dungeon, and saw 10 of its levels.
You also visited: Bailey.

You collected 1305 gold pieces.
You paid 41 gold pieces to Gozag.

Inventory:

Hand Weapons
 b - a +1 heavy hand axe
 h - a +0 sling
 j - a +2 heavy hand axe (weapon)
 x - a +1 battleaxe
Missiles
 H - 6 poisoned darts
Armour
 c - a +0 buckler (worn)
 n - the +0 pair of boots of the Ladybird (worn) {rElec rC+ Str+2 Int+2}
   (You found it on level 5 of the Dungeon)

   Str:       It affects your strength (+2).
   Int:       It affects your intelligence (+2).
   rC:        It protects you from cold.
   rElec:     It insulates you from electricity.
 w - a +0 cloak (worn)
 I - a +0 chain mail (worn)
Jewellery
 m - a +5 ring of evasion (left hand)
 v - a +6 ring of dexterity (right hand)
 F - a ring of resist corrosion
Wands
 r - a wand of polymorph (20)
 u - a wand of mindburst (18)
 B - a wand of flame (13)
 G - a wand of digging (5)
Scrolls
 e - 6 scrolls of teleportation
 f - 3 scrolls of enchant weapon
 p - 2 scrolls of poison
 s - 2 scrolls of noise
 y - 2 scrolls of amnesia
 C - a scroll of blinking {unknown}
 E - a scroll of vulnerability
Potions
 d - a potion of might
 g - 3 potions of mutation
 i - 2 potions of lignification
 k - 4 potions of attraction
 l - 2 potions of resistance
 o - a potion of brilliance {unknown}
 q - a potion of cancellation {unknown}
 t - 2 potions of curing {unknown}
 z - 2 potions of invisibility {unknown}
 A - 2 potions of flight {unknown}
 D - a potion of degeneration {unknown}


   Skills:
 + Level 7.8 Fighting
 + Level 12.4 Long Blades
 + Level 1.7 Axes
 + Level 0.2 Ranged Weapons
 + Level 9.6 Armour
 + Level 4.4 Dodging
 + Level 1.6 Stealth
 + Level 7.4 Shields


You had 9 spell levels left.
You didn't know any spells.
Your spell library contained the following spells:

 Spells                   Type           Power      Damage    Failure   Level
 Magic Dart               Conj           0%         1d3       90%         1
 Call Imp                 Summ           0%         N/A       97%         2
 Mephitic Cloud           Conj/Pois/Air  0%         N/A       99%         3
 Ozocubu's Armour         Ice            0%         N/A       99%         3
 Vhi's Electric Charge    Tloc/Air       0%         N/A       99%         3
 Arcjolt                  Conj/Air       0%         1d10      100%        5
 Metabolic Englaciation   Hex/Ice        0%         N/A       100%        5
 Maxwell's Capacitive Co  Air            0%         ∞         100%        8
 Simulacrum               Ice/Necr       Unusable   N/A       N/A         6

Dungeon Overview and Level Annotations

Branches:
Dungeon (9/15)             Temple (1/1) D:6          Bailey (1/1)
   Lair: D:8-11         Orc: D:9-12

Altars:
Ashenzari
Dithmenos
Elyvilon
Gozag
Hepliaklqana
Makhleb
Okawaru
Ru
Sif Muna
Trog
Vehumet
Xom
Yredelemnul
Zin

Shops:
D:1 :   D:7 :   D:8 :

Annotations:
D:6 2 transporters
D:7 3 runed translucent doors, sampeng1's ghost, novice MiBe


Innate Abilities, Weirdness & Mutations

You have a pair of horns on your head.
You reflexively headbutt those who attack you in melee.
You are partially covered in iridescent scales. (AC +2)
You are clumsy. (Dex -2)
Your flesh is heat resistant. (rF+)


Message History

The bullfrog is heavily wounded.
The bullfrog swells and bulges.
The bullfrog hits you but does no damage.
The bullfrog barely misses you. You furiously retaliate!
You headbutt the bullfrog! You block the bullfrog's attack.
You closely miss the bullfrog.
The bullfrog is almost dead.
You hit the vault guard but do no damage.
The bullfrog hits you but does no damage.
The bullfrog misses you. The vault guard barely misses you.
The bullfrog closely misses you. You furiously retaliate!
You headbutt the bullfrog.
You kill the bullfrog!
The vault guard closely misses you.
You hit the vault guard but do no damage.
The vault guard hits you with a +3 broad axe.
The vault guard hits you with a +3 broad axe!
You hit the vault guard.
The vault guard is lightly wounded.
The vault guard closely misses you.
The vault guard hits you with a +3 broad axe!
You closely miss the vault guard. You headbutt the vault guard.
The vault guard is lightly wounded.
The vault guard hits you with a +3 broad axe!!
You barely miss the vault guard.
The vault guard is lightly wounded.
The vault guard hits you with a +3 broad axe!
The vault guard barely misses you.
You hit the vault guard but do no damage.
The vault guard is lightly wounded.
The vault guard hits you with a +3 broad axe!!
* * * LOW HITPOINT WARNING * * *
The vault guard closely misses you.
You slash the vault guard! Your headbutt misses the vault guard.
The vault guard is lightly wounded.
The vault guard hits you with a +3 broad axe.
* * * LOW HITPOINT WARNING * * *
The vault guard hits you with a +3 broad axe!!
You die...
Your body crumbles into a pile of gold.

#............#..#...#
+......~~~~..)..#...#
$
#....~~≈≈≈≈~~#.....##
##...~≈≈####≈≈#....##
##~..~≈###$$#########
#~~~.≈##~...#
##~~.≈#~...~#
##~.≈#p.~~# ###.@$~#
######


You could see a vault guard.

Vanquished Creatures
  A two-headed ogre (D:8)
  A komodo dragon (D:7)
  The ghost of javelincjr the Magician, an amateur DjCj of Okawaru (D:3)
  Sigmund (D:3)
  6 humans (Bailey)
  A water moccasin (D:9)
  An orc warrior (Bailey)
  A black bear (D:6)
  A sky beast (D:8)
  2 ogres
  A kobold brigand (D:8)
  Blork the orc (D:5)
  13 bullfrogs
  5 scorpions
  9 wights
  10 killer bees (D:9)
  3 orc priests
  A jelly (D:7)
  2 gnoll boudas
  A hound (D:6)
  5 iguanas
  Natasha (twice) (D:2)
  9 orc wizards
  11 adders
  12 gnolls
  A white imp (D:6)
  An ufetubus (D:6)
  A worm (D:2)
  8 dart slugs
  20 orcs
  4 endoplasms
  7 giant cockroaches
  9 hobgoblins
  7 jackals
  4 quokkas (D:1)
  6 ball pythons
  5 bats
  4 frilled lizards
  7 goblins
  14 kobolds
  4 rats
203 creatures vanquished.

Notes
Turn   | Place    | Note
-------+----------+-------------------------------------------
     0 | D:1      | Fodor the Minotaur Fighter began the quest for the Orb.
     0 | D:1      | Reached XP level 1. HP: 19/19 MP: 0/0
   179 | D:1      | Reached XP level 2. HP: 7/27 MP: 1/1
   187 | D:1      | Found Zeenuil's Vocational Training.
   651 | D:1      | Reached XP level 3. HP: 28/33 MP: 2/2
   819 | D:1      | Found a faded altar of an unknown god.
  1517 | D:2      | Reached skill level 3 in Long Blades
  1693 | D:2      | Noticed Natasha
  1706 | D:2      | Killed Natasha
  1707 | D:2      | Reached XP level 4. HP: 23/40 MP: 3/3
  1895 | D:2      | Noticed Natasha
  1898 | D:2      | Killed Natasha
  1899 | D:2      | Reached skill level 1 in Dodging
  2184 | D:3      | Reached skill level 5 in Armour
  2202 | D:3      | Reached skill level 4 in Long Blades
  2202 | D:3      | Reached XP level 5. HP: 30/46 MP: 4/4
  2299 | D:3      | Found a basalt altar of Yredelemnul.
  2327 | D:3      | Found a broken altar of Ashenzari.
  2420 | D:3      | Noticed Sigmund
  2426 | D:3      | Killed Sigmund
  2427 | D:3      | Reached skill level 5 in Long Blades
  2427 | D:3      | Reached XP level 6. HP: 40/53 MP: 5/5
  2579 | D:3      | Found a runed translucent door.
  2583 | D:3      | Noticed javelincjr's ghost (amateur DjCj)
  2642 | D:3      | Killed javelincjr's ghost
  2643 | D:3      | Reached skill level 6 in Long Blades
  2643 | D:3      | Reached XP level 7. HP: 10/60 MP: 6/6
  2830 | D:3      | Found an opulent altar of Gozag.
  2838 | D:3      | Became a worshipper of Gozag Ym Sagoz the Greedy
  2884 | D:3      | Reached skill level 5 in Fighting
  3541 | D:4      | Found a hazy altar of Hepliaklqana.
  3544 | D:4      | Found a shimmering altar of Xom.
  3545 | D:4      | Noticed a spectral ugly thing
  4336 | D:5      | Entered Level 5 of the Dungeon
  4516 | D:4      | Reached skill level 5 in Shields
  4526 | D:5      | HP: 3/61 [something (2)]
  4534 | D:5      | HP: 3/61 [something (2)]
  4690 | D:5      | Noticed Blork the orc
  4705 | D:5      | Killed Blork the orc
  4706 | D:5      | Reached skill level 7 in Long Blades
  4849 | D:5      | Identified the +0 pair of boots of the Ladybird {rElec rC+
                  | Str+2 Int+2}
  4869 | D:5      | Reached XP level 8. HP: 69/69 MP: 7/7
  5072 | D:5      | Found an iron altar of Okawaru.
  5238 | D:6      | Found a burning altar of Makhleb.
  5709 | D:6      | Reached skill level 8 in Long Blades
  5854 | D:6      | Found a staircase to the Ecumenical Temple.
  5909 | D:6      | Found a transporter.
  5917 | D:6      | Noticed a kobold demonologist
  5918 | D:6      | Noticed a two-headed ogre
  5920 | D:6      | Found a transporter.
  5957 | Temple   | Entered the Ecumenical Temple
  6153 | D:6      | Found a shadowy altar of Dithmenos.
  6154 | D:6      | Found a bloodstained altar of Trog.
  6235 | D:7      | Found a glowing silver altar of Zin.
  6292 | D:7      | Found a radiant altar of Vehumet.
  6396 | D:7      | Reached skill level 9 in Long Blades
  6402 | D:7      | Found a white marble altar of Elyvilon.
  6466 | D:7      | Found a runed translucent gate.
  6466 | D:7      | Found a runed translucent gate.
  6466 | D:7      | Found a runed translucent gate.
  6468 | D:7      | Noticed sampeng1's ghost (novice MiBe)
  6469 | D:7      | Noticed a kobold demonologist
  6658 | D:7      | Noticed a komodo dragon
  6667 | D:7      | Reached XP level 9. HP: 75/75 MP: 8/8
  6678 | D:7      | Killed a komodo dragon
  6679 | D:7      | Reached skill level 10 in Long Blades
  6822 | D:7      | Found Hoobish's Tiny Tomes.
  6832 | D:7      | Identified the +2 robe of the Other Side {Stlth+}
  7449 | D:8      | Found Opesch Puzxua's Self-Improvement Boutique.
  7480 | D:8      | Noticed a two-headed ogre
  7491 | D:8      | Killed a two-headed ogre
  7492 | D:8      | Reached skill level 11 in Long Blades
  8303 | D:9      | Reached skill level 1 in Stealth
  8344 | D:9      | Gained mutation: You are clumsy. (Dex -2) [potion of
                  | mutation]
  8344 | D:9      | Gained mutation: You are partially covered in iridescent
                  | scales. (AC +2) [potion of mutation]
  8344 | D:9      | Gained mutation: Your flesh is heat resistant. (rF+)
                  | [potion of mutation]
  8609 | D:9      | Reached XP level 10. HP: 76/86 MP: 9/9
  8613 | D:9      | Found a flagged portal.
  8629 | Bailey   | Entered a bailey
  8682 | Bailey   | Reached skill level 12 in Long Blades
  8994 | Bailey   | Reached skill level 1 in Axes
  9030 | Bailey   | Noticed a vault guard
  9039 | Bailey   | Mangled by a vault guard

Illustrated notes

Levels and vault maps discovered:
D:1:      minmay_arrival_three_doors, layout_basic,
          hellmonk_ecumenical_altar_leap_of_faith, nicolae_shop_vocational
D:2:      layout_loops_corners, uniq_natasha
D:3:      layout_loops_ring, mainiacjoe_overflow_large_starburst,
          grunt_gozag_statues, ebering_ghost_sewer_d, minmay_increasing_density,
          uniq_sigmund
D:4:      layout_basic, regret_index_temple_of_mockery
D:5:      layout_rooms, okawaru_gym_becter, uniq_blork_the_orc
D:6:      layout_loops_ring, gammafunk_temple_overflow_arena,
          mainiacjoe_overflow_alcove_4, temple_statues, kennysheep_boxes
D:7:      layout_gridville, amcnicky_altar_gilded, marbit_many_paths,
          vehumet_altar_wand_db, gammafunk_ghost_nasty_kobolds,
          kennysheep_big_empty_room, nicolae_shop_i_like_small_books_too,
          minmay_lizard_king
D:8:      layout_basic, nicolae_shop_self_help
D:9:      layout_long_grid, lemuel_doored_altar,
          mainiacjoe_overflow_tiny_flanked, mainiacjoe_overflow_alcove_1,
          kiku_gazebo_garden_becter, serial_shops, shop, enter_bailey_5
Temple:   hellmonk_temple_rainy
Bailey:   bailey_axe_froggy_fort_hellmonk, bailey

Skill      XL: |  1  2  3  4  5  6  7  8  9 10 |
---------------+-------------------------------+-----
Fighting       | 4 5 7 |  7.8
Armour         | 4 5 7 9 |  9.6
Shields        | 4 5 6 7 |  7.4
Long Blades    | 3 4 5 6 7 9 11 12 | 12.4
Dodging        | 1 2 3 4 |  4.4
Stealth        | 1 |  1.6
Axes           | 1 |  1.7
Ranged Weapons | |  0.2

Action                     |  1- 3 |  4- 6 |  7- 9 | 10-12 || total
---------------------------+-------+-------+-------+-------++-------
  Melee: Long sword        |   118 |    72 |   395 |    63 ||   648
         Headbutt          |    17 |    10 |    65 |    22 ||   114
         Hand axe          |       |       |       |    30 ||    30
   Fire: Sling             |     2 |       |       |       ||     2
    Use: Potion            |       |     1 |     4 |       ||     5
         Scroll            |       |       |     9 |       ||     9
   Stab: Distracted        |       |       |     2 |       ||     2
 Armour: Scale mail        |    58 |    25 |    87 |       ||   170
         Chain mail        |       |       |    24 |    47 ||    71
         Skin              |       |       |    15 |       ||    15
  Dodge: Dodged            |    84 |    34 |   274 |    92 ||   484
  Block: Buckler           |    25 |    12 |   120 |    37 ||   194
